 Dungeon Crawl Stone Soup version 0.31.0-11-ge490571c62 (webtiles) character file.

Game seed: 14524981879114502666

1405 Gadfly the Ruffian (level 8, -3/61 (64) HPs)
             Began as a Demonspawn Shapeshifter on Jan 26, 2024.
             Was an Initiate of Ru.
             Slain by a wight
             ... wielding a +2 long sword
              (10 damage)
             ... on level 5 of the Dungeon.
             The game lasted 00:10:49 (5889 turns).

Gadfly the Ruffian (Demonspawn Shapeshifter)        Turns: 5889, Time: 00:10:49

HP:   -3/61 (64)    AC:  4    Str: 23    XL:     8   Next: 42%
MP:   8/8           EV: 13    Int: 10    God:    Ru [......]
Gold: 308           SH:  0    Dex: 13    Spells: 7/7 levels left

rFire   + .          .
                       - Unarmed
rCold   . . .        (no shield)
rNeg    . . .        a - +0 animal skin
rPois   .            g - melded +0 helmet
rElec   .            (cloak currently unavailable)
rCorr   .            i - melded +1 Delatra's gloves {ID++}
SInv    .            (boots currently unavailable)
Will    .....        (no amulet)
Stlth   +            k - +6 ring of strength
HPRegen 0.30/turn    n - ring of protection from fire
MPRegen 0.11/turn

%: no passive effects
@: beast-form, lightly drained
A: beast (slay +2), rugged brown scales 2, foul stench 1, demonic magic 2,
screaming 1
a: Begin Untransformation, Renounce Religion


You were on level 5 of the Dungeon.
You worshipped Ru.
Ru was noncommittal.
You were a hulking beast.
You visited 2 branches of the dungeon, and saw 7 of its levels.
You also visited: Ossuary.

You collected 308 gold pieces.

Inventory:

Hand Weapons
 b - a +3 war axe of freezing
Armour
 a - a +0 animal skin (worn)
 g - a +0 helmet (melded)
 i - the +1 Delatra's gloves (melded) {ID++}
   (You found it on level 2 of the Dungeon)

   ID++:      It heals its wearer when they drink unknown potions, and restores
   their MP when they read unknown scrolls.
Jewellery
 k - a +6 ring of strength (left hand)
 n - a ring of protection from fire (right hand)
 q - a ring of fire
Talismans
 c - a beast talisman (active)
 d - a flux talisman
Wands
 r - a wand of paralysis (10) (quivered)
Scrolls
 e - a scroll of teleportation
 l - a scroll of revelation {unknown}
 p - 4 scrolls of fear
 s - a scroll of identify
Potions
 f - 3 potions of attraction
 h - a potion of cancellation
 j - 4 potions of curing
 m - 2 potions of lignification
 o - a potion of heal wounds
 t - a potion of mutation
 v - 2 potions of ambrosia
 x - a potion of berserk rage
 z - 3 potions of enlightenment


   Skills:
 + Level 4.4 Fighting
 + Level 4.3 Dodging
 * Level 5.1 Unarmed Combat
 + Level 4.5 Evocations
 * Level 4.9 Shapeshifting


You had 7 spell levels left.
You didn't know any spells.
Your spell library contained the following spells:

 Spells                   Type           Power      Damage    Failure   Level
 Necrotise                Necr           0%         1d4       36%         1
 Vampiric Draining        Necr           0%         2d6       75%         3
 Martyr's Knell           Necr/Summ      0%         N/A       98%         4
 Curse of Agony           Necr           0%         N/A       100%        5


Dungeon Overview and Level Annotations

Branches:
Dungeon (6/15)             Temple (1/1) D:5         Ossuary (visited)

Altars:
Cheibriados
Fedhas
Gozag
Hepliaklqana
Kikubaaqudgha
Makhleb
Nemelex Xobeh
Okawaru
Qazlal
Ru
Trog
Uskayaw
Wu Jian
Xom
Yredelemnul


Innate Abilities, Weirdness & Mutations

You are a hulking beast.
Your limbs bulge with bestial killing power. (Slay +2)
You are mostly covered in rugged brown scales. (AC +2, +5% HP)
You may rarely emit foul miasma when damaged in melee.
Spells you cast may paralyse nearby enemies.
You occasionally shout uncontrollably at your foes.


Message History

You are too injured to fight recklessly!
You are too injured to fight recklessly!
You are too injured to fight recklessly!
You are too injured to fight recklessly!
You are too injured to fight recklessly!
You are too injured to fight recklessly!
You are too injured to fight recklessly!
You are too injured to fight recklessly!
You are too injured to fight recklessly!
Unknown command.
You hit the wight but do no damage. Your punch misses the wight.
The wight is heavily damaged.
You closely miss the wight.
The wight is heavily damaged.
The wight completely misses you. The wight barely misses you.
The wight attacks as it pursues you!
The wight hits you with a +2 long sword.
You feel drained. The wight attacks as it pursues you!
The wight barely misses you. The wight attacks as it pursues you!
The wight hits you with a +2 long sword.
The wight attacks as it pursues you!
The wight hits you with a +2 long sword!
* * * LOW HITPOINT WARNING * * *
The wight attacks as it pursues you! The wight barely misses you.
You see here an iguana skeleton.
The wight attacks as it pursues you! The wight closely misses you.
There is a stone staircase leading up, spattered with blood here.
The wight hits you with a +2 long sword!
* * * LOW HITPOINT WARNING * * *
The wight closely misses you.
You climb upwards.
There is a stone staircase leading down here.
You closely miss the wight.
The wight is heavily damaged.
The wight barely misses you.
You hit the wight.
The wight is severely damaged.
The wight hits you with a +2 long sword!
You die...

#...>...#.#
#######.
#..♣.♣.##.#
###.......
#......##.#
#####...#####.
#....###.)#
##.....### #.
###### #.##
#..##### ###.
#.#
##)##########...
#.###..#
#.....†..#.
######.##[.##
#.......##.
#......)hz##
#..........
#......####
#........#.
#......#
#......###.
########
#......# #.
#......# ##
#......#
########


You could see a wight.

Vanquished Creatures
  A black bear (D:5)
  2 centaurs
  A weeping skull (Ossuary)
  A bullfrog (D:4)
  3 scorpions
  4 water moccasin zombies (Ossuary)
  A bombardier beetle (D:3)
  3 hounds (D:5)
  Ijyb (D:4)
  Terence (D:2)
  An iguana (D:6)
  An orc wizard (D:5)
  Natasha (thrice) (D:2)
  A bullfrog simulacrum (Ossuary)
  A crocodile zombie (Ossuary)
  3 mummies
  6 gnolls
  9 adders
  A shadow imp (D:5)
  A white imp (D:6)
  4 adder zombies (Ossuary)
  A dart slug (D:3)
  7 orcs
  3 bats (D:1)
  4 endoplasms
  A giant cockroach (D:1)
  9 goblins
  5 hobgoblins
  A jackal (D:5)
  7 kobolds
  2 quokkas
  6 ball pythons
  4 frilled lizards
  8 gnoll zombies (Ossuary)
  4 jackal zombies (Ossuary)
  4 orc zombies (Ossuary)
  7 rats
122 creatures vanquished.

Vanquished Creatures (others)
  An orc (D:6)
1 creature vanquished.

Grand Total: 123 creatures vanquished

Notes
Turn   | Place    | Note
-------+----------+-------------------------------------------
     0 | D:1      | Gadfly the Demonspawn Shapeshifter began the quest for the
                  | Orb.
     0 | D:1      | Reached XP level 1. HP: 15/15 MP: 1/1
   168 | D:1      | Gained mutation: You are partially covered in rugged brown
                  | scales. (AC +1, +3% HP) [demonic ancestry]
   168 | D:1      | Reached XP level 2. HP: 10/21 MP: 2/2
   277 | D:1      | Reached skill level 1 in Evocations
   649 | D:1      | Gained mutation: You may rarely emit foul miasma when
                  | damaged in melee. [demonic ancestry]
   649 | D:1      | Reached XP level 3. HP: 25/26 MP: 3/3
   854 | D:2      | Found the +1 Delatra's gloves {ID++}
   960 | D:2      | Noticed Natasha
   976 | D:2      | Killed Natasha
   977 | D:2      | Reached skill level 3 in Unarmed Combat
   977 | D:2      | Gained mutation: You are mostly covered in rugged brown
                  | scales. (AC +2, +5% HP) [demonic ancestry]
   977 | D:2      | Reached XP level 4. HP: 6/33 MP: 4/4
  1108 | D:2      | Noticed Natasha
  1119 | D:2      | Killed Natasha
  1253 | D:2      | Noticed Natasha
  1262 | D:2      | Killed Natasha
  1306 | D:2      | Found a faded altar of an unknown god.
  1383 | D:2      | Gained mutation: Spells you cast may paralyse adjacent
                  | enemies. [demonic ancestry]
  1383 | D:2      | Reached XP level 5. HP: 3/39 MP: 5/5
  1594 | D:2      | Noticed Terence
  1609 | D:2      | Killed Terence
  2520 | D:3      | Found an iron altar of Okawaru.
  2893 | D:4      | Gained mutation: Spells you cast may paralyse nearby
                  | enemies. [demonic ancestry]
  2893 | D:4      | Reached XP level 6. HP: 27/48 MP: 6/6
  2982 | D:4      | Found a sand-covered staircase.
  3037 | Ossuary  | Entered an ossuary
  3361 | Ossuary  | Reached XP level 7. HP: 53/54 MP: 7/7
  3430 | Ossuary  | Reached skill level 4 in Unarmed Combat
  3791 | D:4      | Gained mutation: You occasionally shout uncontrollably at
                  | your foes. [potion of mutation]
  4075 | D:4      | Noticed Ijyb
  4086 | D:4      | Killed Ijyb
  4493 | D:5      | Entered Level 5 of the Dungeon
  4817 | D:5      | Reached XP level 8. HP: 45/63 MP: 8/8
  5110 | D:5      | Found a staircase to the Ecumenical Temple.
  5156 | Temple   | Entered the Ecumenical Temple
  5204 | Temple   | Became a worshipper of Ru the Awakened
  5650 | D:6      | Reached skill level 5 in Unarmed Combat
  5889 | D:5      | Slain by a wight

Illustrated notes

Levels and vault maps discovered:
D:1:      mrwooster_arrival_statue_2, layout_basic
D:2:      layout_basic, shapermc_ecumenical_altar_venn, basic_altar,
          uniq_natasha, uniq_terence
D:3:      layout_rooms, lemuel_coloured_pillars_altar
D:4:      layout_loops_ring, gup_ossuary_entry_pyramid, uniq_ijyb
D:5:      layout_rooms, minmay_temple_entry_trees, minmay_circle_x
D:6:      layout_cave_pods, gammafunk_temple_overflow_forgotten
Temple:   bh_familiar_temple

Skill      XL: |  1  2  3  4  5  6  7  8 |
---------------+-------------------------+-----
Dodging        | 2 3 4 |  4.3
Evocations     | 1 2 3 4 |  4.5
Unarmed Combat | 3 4 5 |  5.1
Shapeshifting  | 3 4 |  4.9
Fighting       | 2 3 4 |  4.4

Action                     |  1- 3 |  4- 6 |  7- 9 || total
---------------------------+-------+-------+-------++-------
  Melee: Unarmed           |    87 |   132 |   223 ||   442
         Punch             |     1 |     5 |    11 ||    17
         War axe           |       |    35 |       ||    35
Ability: Begin Untransform |     1 |       |       ||     1
    Use: Scroll            |     4 |     5 |     6 ||    15
         Potion            |       |     2 |     4 ||     6
   Stab: Sleeping          |       |       |     1 ||     1
 Armour: Animal skin       |    47 |   103 |   153 ||   303
  Dodge: Dodged            |    69 |   102 |   157 ||   328
   Form: Beast             |     1 |       |       ||     1
